 Dungeon Crawl Stone Soup version 0.19-a0-1837-gdfe47cf (webtiles) character file.

41 Bargorn the Charmwright (level 3, 0/28 HPs)
             Began as a Merfolk Skald on Oct 8, 2016.
             Slain by Terence
             ... wielding a +0 flail
              (5 damage)
             ... on level 2 of the Dungeon.
             The game lasted 00:04:15 (1541 turns).

Bargorn the Charmwright (Merfolk Skald)             Turns: 1541, Time: 00:04:15

Health: 0/28       AC:  5    Str: 13    XL:     3   Next: 52%
Magic:  6/6        EV: 12    Int: 11    God:
Gold:   95         SH:  0    Dex: 13    Spells: 1 memorised, 5 levels left

rFire  . . .     SeeInvis .     a - +0 falchion
rCold  . . .     Gourm    .     g - +0 leather armour (curse)
rNeg   . . .     Faith    .     (no shield)
rPois  .         Spirit   .     j - +1 helmet
rElec  .         Dismiss  .     (no cloak)
rCorr  .         Reflect  .     (no gloves)
MR     .....     Harm     .     (no boots)
Stlth  +.........               (no amulet)
                                (no ring)
                                i - +1 ring of slaying

@: no status effects
A: change form in water, swift swim, stealthy swim
a: no special abilities


You were on level 2 of the Dungeon.
You were not hungry.

You visited 1 branch of the dungeon, and saw 2 of its levels.

You collected 95 gold pieces.

Inventory:

Hand Weapons
 a - a +0 falchion (weapon)
Armour
 g - a cursed +0 leather armour (worn)
 j - a +1 helmet (worn)
Jewellery
 i - a +1 ring of slaying (left hand)
Scrolls
 k - a scroll of recharging {unknown}
Potions
 e - a potion of curing {unknown}
 l - 2 potions of heal wounds {unknown}
 m - a potion of agility {unknown}
Books
 c - a book of Battle

   Spells                             Type                      Level
   a - Infusion                       Charms                       1
   b - Shroud of Golubria             Charms/Translocation         2
   c - Song of Slaying                Charms                       2
   d - Spectral Weapon                Hexes/Charms                 3
   e - Regeneration                   Charms/Necromancy            3
Comestibles
 b - 3 chunks of flesh
 d - a bread ration
 f - a slice of pizza
 h - a meat ration


   Skills:
 + Level 2.5 Fighting
 * Level 3.3 Long Blades
 - Level 0.7 Armour
 + Level 2.0 Dodging
 - Level 2.0 Spellcasting
 + Level 3.5 Charms


You had 5 spell levels left.
You knew the following spells:

 Your Spells              Type           Power        Failure   Level  Hunger
a - Infusion              Chrm           #...         10%         1    ##.....


Dungeon Overview and Level Annotations

Branches:
Dungeon (2/15)

Altars:

Annotations:
D:2 Terence


Message History

You barely miss Terence. Terence closely misses you.
You riposte.
You hit Terence but do no damage. You hit Terence.
Terence is lightly wounded.
Terence hits you with a flail.
You hit Terence.
Terence is moderately wounded.
Terence hits you with a flail.
You closely miss Terence.
Terence is moderately wounded.
Terence completely misses you.
You riposte.
You hit Terence.
Terence is heavily wounded.
You hit Terence.
Terence is severely wounded.
Terence hits you with a flail.
* * * LOW HITPOINT WARNING * * *
You hit Terence.
Terence is almost dead.
Terence hits you with a flail.
You die...

###########...##.#.........
##########<......#.........
#.......####..#..#.........
.....##.......# #..#.##.........
.....##.......# ##.#.##...[.....
.....##.......# #.#.##....†....
.....##.......# #..####.#######
.....##.......#####............#
.....++.......r@@................
.....##.......#####..#..........#
.....##.......# ##.#.##+#####.#
#...###.......# #.......... #
#...# #.......# #####..#######
#...#######................#
#.........#.##########.#.#.#
#.........#. #.#.#.# #.........#
######...#.#


You could see Terence and a rat.

Vanquished Creatures
  An adder (D:2)
  3 leopard geckos (D:1)
  A giant cockroach (D:1)
  6 goblins
  3 hobgoblins (D:1)
  6 bats
  A frilled lizard (D:2)
  2 kobolds
  7 rats
30 creatures vanquished.

Notes
Turn   | Place    | Note
-------+----------+-------------------------------------------
     0 | D:1      | Bargorn the Merfolk Skald began the quest for the Orb.
     0 | D:1      | Reached XP level 1. HP: 16/16 MP: 3/3
   451 | D:1      | Reached XP level 2. HP: 21/23 MP: 5/5
   959 | D:1      | Reached XP level 3. HP: 21/28 MP: 6/6
  1526 | D:2      | Noticed Terence
  1541 | D:2      | Slain by Terence

Vault maps used:
D:1:      dpeg_arrival_rooms_with_view
D:2:      uniq_terence

Skill      XL: |  1  2  3 |
---------------+----------+-----
Long Blades    | 3 |  3.3
Dodging        | 2 |  2.0
Fighting       | |  2.5
Armour         | |  0.7
Spellcasting   | |  2.0
Charms         | |  3.5

Action                   || total
-------------------------++-------
Melee: Falchion          ||    82
  Use: Scroll            ||     1
  Eat: Chunk             ||     2
Armor: Leather armour    ||    18
Dodge: Dodged            ||    57
       Rpst.: Falchion   ||    23
